 Dungeon Crawl Stone Soup version 0.26.0-10-g1f06aea511 (webtiles) character file.

Game seed: 7263283751738337732

153 wakim the Chopper (level 5, -2/47 HPs)
             Began as a Hill Orc Monk on Jan 15, 2021.
             Slain by Natasha (7 damage)
             ... on level 2 of the Dungeon.
             The game lasted 00:04:13 (1879 turns).

wakim the Chopper (Hill Orc Monk)                   Turns: 1879, Time: 00:04:14

Health: -2/47      AC:  8    Str: 15    XL:     5   Next: 35%
Magic:  5/5        EV:  7    Int: 10    God:
Gold:   86         SH:  0    Dex: 13    Spells: 4/4 levels left

rFire    . . .     SeeInvis .   a - +0 hand axe
rCold    . . .     Faith    .   (no shield)
rNeg     . . .     Spirit   .   f - +0 chain mail
rPois    .         Reflect  .   (no helmet)
rElec    .         Harm     .   (no cloak)
rCorr    .         Rampage  .   (no gloves)
Will     .....                  (no boots)
Stlth    ..........             (no amulet)
HPRegen  0.15/turn              (no ring)
MPRegen  0.09/turn              (no ring)

@: no status effects
A: no striking features
a: no special abilities


You were on level 2 of the Dungeon.
You visited 1 branch of the dungeon, and saw 2 of its levels.

You collected 86 gold pieces.

Inventory:

Hand Weapons
 a - a +0 hand axe (weapon)
Armour
 f - a +0 chain mail (worn)
Jewellery
 l - a cursed -4 ring of strength {unknown}
 n - an uncursed ring of fire {unknown}
Scrolls
 c - 4 scrolls of remove curse {unknown}
 d - a scroll of identify {unknown}
 j - a scroll of immolation {unknown}
 k - 2 scrolls of magic mapping {unknown}
 m - 2 scrolls of teleportation {unknown}
Potions
 b - a potion of invisibility {unknown}
 e - a potion of mutation {unknown}
 g - a potion of haste {unknown}
 h - a potion of attraction {unknown}
 i - a potion of heal wounds {unknown}


   Skills:
 + Level 4.7 Fighting
 * Level 6.2 Axes
 + Level 2.3 Armour
 - Level 2.4 Dodging
 - Level 1.5 Stealth


You had 4 spell levels left.
You didn't know any spells.
Your spell library was empty.

Dungeon Overview and Level Annotations

Branches:
Dungeon (2/15)

Altars:
Dithmenos
Elyvilon
Makhleb
Okawaru
Qazlal

Annotations:
D:2 Natasha


Message History

Natasha is heavily wounded.
Natasha closely misses you.
You barely miss Natasha.
Natasha is heavily wounded.
Natasha claws you but does no damage.
You hit Natasha but do no damage.
Natasha is heavily wounded.
The crimson imp blinks!
Natasha claws you!
* * * LOW HITPOINT WARNING * * *
You closely miss Natasha.
Natasha is heavily wounded.
Natasha claws you.
* * * LOW HITPOINT WARNING * * *
You closely miss Natasha.
Natasha is heavily wounded.
Natasha claws you but does no damage.
You closely miss Natasha.
Natasha is heavily wounded.
Natasha claws you!
You die...

....####.##......#.##............
#.÷## ##.##......#.#.............
#..# ##...#......#.#.............
#..###....#..>......♣♣♣♣♣♣♣♣♣♣...
.......#....#.......♣♣.♣ ...
.......#.####.#....... ##
#..###........#.@...♣ #..#
##..#########..♣♣♣♣♣ #..#
##........@h§.....# ....#
##........##.♣♣♣♣...
.##..##.........#♣.♣ .
................♣♣.P
..#..........♣♣.♣.. ##.........♣
. ..♣ +...........♣ P .P.
###.........♣ ♣P.. ...........♣


You could see Natasha.

Vanquished Creatures
  Jessica (D:2)
  Natasha (twice) (D:2)
  A gnoll (D:1)
  3 adders (D:2)
  2 giant cockroaches
  7 goblins (D:1)
  8 hobgoblins
  2 jackals (D:1)
  5 kobolds
  4 bats
  2 frilled lizards (D:1)
  6 rats
43 creatures vanquished.

Vanquished Creatures (others)
  5 plants (D:2)
5 creatures vanquished.

Grand Total: 48 creatures vanquished

Notes
Turn   | Place    | Note
-------+----------+-------------------------------------------
     0 | D:1      | wakim the Hill Orc Monk began the quest for the Orb.
     0 | D:1      | Reached XP level 1. HP: 19/19 MP: 1/1
   104 | D:1      | Reached XP level 2. HP: 27/27 MP: 2/2
   215 | D:1      | Reached skill level 1 in Armour
   297 | D:1      | Reached XP level 3. HP: 33/33 MP: 3/3
   778 | D:1      | Reached skill level 5 in Axes
   923 | D:2      | Found an iron altar of Okawaru.
   923 | D:2      | Found a white marble altar of Elyvilon.
   928 | D:2      | Found a stormy altar of Qazlal.
   930 | D:2      | Found a burning altar of Makhleb.
   931 | D:2      | Found a shadowy altar of Dithmenos.
  1216 | D:2      | Reached XP level 4. HP: 35/41 MP: 4/4
  1322 | D:2      | Noticed Natasha
  1335 | D:2      | Killed Natasha
  1462 | D:2      | Noticed Natasha
  1482 | D:2      | HP: 1/41 [Natasha (2)]
  1485 | D:2      | Killed Natasha
  1486 | D:2      | Reached XP level 5. HP: 2/47 MP: 5/5
  1818 | D:2      | Reached skill level 6 in Axes
  1857 | D:2      | Noticed Natasha
  1858 | D:2      | Noticed Jessica
  1865 | D:2      | Killed Jessica
  1879 | D:2      | Slain by Natasha

Illustrated notes

Levels and vault maps discovered:
D:1:      lordsloth_arrival_two_stooges, layout_basic, nrook_loot_triangle
D:2:      layout_basic, chequers_temple_overflow_minitemple, serial_forest,
          infiniplex_forest_straight_5, infiniplex_forest_3_way,
          infiniplex_forest_lined_3, infiniplex_forest_lined_3,
          infiniplex_forest_clump_small, infiniplex_forest_clump_medium,
          infiniplex_forest_clump_small, palyth_stone_intersect,
          minmay_pentomino_w4, uniq_terence, uniq_jessica, uniq_natasha

Skill      XL: |  1  2  3  4  5 |
---------------+----------------+-----
Fighting       | 4 |  4.7
Armour         | 1 2 |  2.3
Axes           | 5 6 |  6.2
Dodging        | |  2.4
Stealth        | |  1.5

Action                   |  1- 3 |  4- 6 || total
-------------------------+-------+-------++-------
Melee: Hand axe          |    84 |    68 ||   152
 Stab: Sleeping          |     1 |       ||     1
Armor: Robe              |     5 |       ||     5
       Chain mail        |    41 |    34 ||    75
Dodge: Dodged            |    27 |    34 ||    61
